 Dungeon Crawl Stone Soup version 0.29-a0-1027-gcd8c55af63 (webtiles) character file.

Game seed: 6427690599000701598

5413 siradein the Fighter (level 10, 0/78 (82) HPs)
             Began as a Demonspawn Berserker on Aug 13, 2022.
             Was an Elder of Trog.
             Slain by an orc warrior
             ... wielding a +0 scimitar
              (2 damage)
             ... on level 9 of the Dungeon.
             The game lasted 00:21:59 (9809 turns).

siradein the Fighter (Demonspawn Berserker)         Turns: 9809, Time: 00:22:00

HP:   0/78 (82)     AC: 30    Str: 23    XL:     10   Next: 40%
MP:   10/10         EV:  9    Int:  8    God:    Trog [****..]
Gold: 406           SH:  0    Dex: 12    Spells: 9/9 levels left

rFire   . . .      SeeInvis .   y - +1 halberd (protect)
rCold   . . .      Faith    .   (shield currently unavailable)
rNeg    + . .      Spirit   .   G - +0 plate armour
rPois   .          Reflect  .   (helmet restricted)
rElec   .          Harm     .   u - +1 cloak
rCorr   .          Rampage  .   n - +0 pair of gloves
Will    .....                   (no boots)
Stlth   ..........              (no amulet)
HPRegen 0.23/turn               D - ring of positive energy
MPRegen 0.24/turn               (no ring)

@: sanguine armoured, under a protective aura, on berserk cooldown, slowed,
lightly drained, very slow
A: horns 2, foul stench 2, magic regeneration, sanguine armour 1
a: Renounce Religion, Berserk, Trog's Hand, Brothers in Arms


You were on level 9 of the Dungeon.
You worshipped Trog.
Trog was greatly pleased with you.
You visited 1 branch of the dungeon, and saw 9 of its levels.
You also visited: Sewer.

You collected 406 gold pieces.

Inventory:

Hand Weapons
 y - a +1 halberd of protection (weapon)
 B - a +0 glaive
Missiles
 q - 2 boomerangs (quivered)
Armour
 n - a +0 pair of gloves (worn)
 u - a +1 cloak (worn)
 G - a +0 plate armour (worn)
Jewellery
 m - a ring of ice
 D - a ring of positive energy (left hand)
Wands
 z - a wand of iceblast (9)
 A - a wand of light (12)
 C - a wand of mindburst (11)
Scrolls
 a - a scroll of blinking {unknown}
 c - 2 scrolls of amnesia {unknown}
 d - a scroll of acquirement {unknown}
 e - a scroll of fear
 h - 3 scrolls of magic mapping {unknown}
 l - a scroll of brand weapon
 o - 2 scrolls of butterflies {unknown}
 p - 2 scrolls of teleportation {unknown}
 s - a scroll of summoning {unknown}
 t - a scroll of torment {unknown}
 w - 2 scrolls of poison {unknown}
 x - 2 scrolls of immolation {unknown}
 F - a scroll of silence
Potions
 b - 2 potions of invisibility
 f - 2 potions of heal wounds {unknown}
 g - a potion of berserk rage
 i - 6 potions of curing
 j - a potion of lignification
 k - a potion of mutation
 r - a potion of magic {unknown}
 v - 6 potions of flight


   Skills:
 + Level 8.4 Fighting
 + Level 7.6 Polearms
 + Level 7.4 Armour
 + Level 7.3 Dodging


You had 9 spell levels left.
You didn't know any spells.
Your spell library was empty.

Dungeon Overview and Level Annotations

Branches:
Dungeon (9/15)             Temple (0/1) D:7            Lair (0/5) D:8
  Sewer (visited)
    Orc: D:9-12

Altars:
Gozag
Nemelex Xobeh
Okawaru
Ru
Uskayaw
Vehumet
Xom

Shops:
D:1 *   D:8 [

Annotations:
D:8 1 runed translucent door, nickcage's ghost, novice TeFE


Innate Abilities, Weirdness & Mutations

You have a pair of horns on your head.
You sometimes emit foul miasma when damaged in melee.
You regenerate magic rapidly.
When seriously injured, your blood forms armour. (AC +6)


Message History

You feel the effects of Trog's Hand fading.
The wight hits you but does no damage. The wight closely misses you.
The orc closely misses you.
You hit the orc but do no damage. The wight barely misses you.
The orc hits you but does no damage.
You are electrocuted!
You hit the orc. Your headbutt misses the orc.
The orc is severely wounded.
The wight hits you from afar with a +3 spear!
* * * LOW HITPOINT WARNING * * *
You partially resist.
You feel drained.
* * * LOW HITPOINT WARNING * * *
The orc hits you but does no damage.
The wight hits you from afar with a +3 spear!
* * * LOW HITPOINT WARNING * * *
You partially resist.
You feel drained.
* * * LOW HITPOINT WARNING * * *
Unknown command.
You slash the orc warrior!
The orc warrior is heavily wounded.
Your skin stops crawling.
You feel less strong-willed. The wight hits you but does no damage.
The orc warrior hits you but does no damage.
An orc comes into view. It is wielding a +0 dagger.
The wight closely misses you.
The orc warrior hits you but does no damage.
Unknown command.
You barely miss the orc warrior.
The orc warrior is heavily wounded.
The orc shouts!
The wight hits you from afar with a +3 spear.
* * * LOW HITPOINT WARNING * * *
You partially resist.
You feel drained.
The orc warrior hits you with a +0 scimitar.
* * * LOW HITPOINT WARNING * * *
You emit a cloud of foul miasma!
Unknown command.
Unknown command.
The orc warrior attacks as you move away!
The orc warrior hits you with a +0 scimitar.
You die...

##### ....# ## ....#
.# ....# #########.#
....######.'.....#.+
....'......#.#.#.#.#
>...########...#...#
.....# #####@###
...#.# ##o# ♣....#
#zo# .♣...# #o##
♣.♣..#


.oo .♣:♣.# ..ooo ♣.♣... .$....$ .♣..... ....... ♣. .....$. You could see an orc
warrior, a wight and 7 orcs.

Vanquished Creatures
  Maggie (D:8)
  Psyche (D:8)
  A hornet (D:8)
  A wyvern (D:9)
  10 yaks (D:8)
  A water moccasin (D:8)
  3 ice beasts
  3 orc warriors
  4 black bears
  An ogre (D:9)
  A centaur (D:8)
  3 bullfrogs
  4 scorpions
  10 wights
  6 killer bees (D:5)
  2 howler monkeys (D:5)
  A hound (D:5)
  A gnoll bouda (D:7)
  A jelly (D:5)
  2 orc priests
  3 iguanas (D:5)
  An orc wizard (D:8)
  6 gnolls
  4 river rats (Sewer)
  13 adders
  2 white imps
  2 ufetubi
  8 worms
  4 dart slugs
  13 orcs
  10 ball pythons
  6 endoplasms
  6 giant cockroaches
  9 goblins
  9 hobgoblins
  7 jackals
  6 kobolds
  5 quokkas
  10 bats
  6 frilled lizards
  6 rats
  A butterfly (D:7)
194 creatures vanquished.

Vanquished Creatures (others)
  5 dream sheep (D:5)
  2 withered plants (D:8)
7 creatures vanquished.

Grand Total: 201 creatures vanquished

Notes
Turn   | Place    | Note
-------+----------+-------------------------------------------
     0 | D:1      | siradein the Demonspawn Berserker began the quest for the
                  | Orb.
     0 | D:1      | Reached XP level 1. HP: 18/18 MP: 1/1
   735 | D:1      | Gained mutation: When seriously injured, your blood forms
                  | armour. (AC +6) [demonic ancestry]
   735 | D:1      | Reached XP level 2. HP: 24/24 MP: 2/2
   856 | D:1      | Found Jaajataoff's General Store.
  1437 | D:2      | Found a faded altar of an unknown god.
  1560 | D:2      | Gained mutation: You have a pair of small horns on your
                  | head. [demonic ancestry]
  1560 | D:2      | Reached XP level 3. HP: 29/29 MP: 3/3
  1665 | D:2      | Reached ** piety under Trog
  2244 | D:3      | Gained mutation: You may rarely emit foul miasma when
                  | damaged in melee. [demonic ancestry]
  2244 | D:3      | Reached XP level 4. HP: 34/35 MP: 4/4
  2367 | D:3      | Found a glowing drain.
  2405 | Sewer    | Entered a sewer
  2932 | Sewer    | Reached XP level 5. HP: 17/42 MP: 5/5
  3153 | Sewer    | Reached skill level 4 in Fighting
  3517 | Sewer    | Reached *** piety under Trog
  4258 | D:3      | Found a sparkling altar of Nemelex Xobeh.
  4306 | D:3      | Gained mutation: You occasionally shout uncontrollably at
                  | your foes. [potion of mutation]
  4306 | D:3      | Gained mutation: Your muscles are strong. (Str +4, Int/Dex
                  | -1) [potion of mutation]
  4307 | D:3      | Lost mutation: Your muscles are strong. (Str +4, Int/Dex
                  | -1) [potion of mutation]
  4307 | D:3      | Lost mutation: You occasionally shout uncontrollably at
                  | your foes. [potion of mutation]
  4307 | D:3      | Gained mutation: You have a pair of horns on your head.
                  | [potion of mutation]
  4307 | D:3      | Gained mutation: You have large cloven feet. [potion of
                  | mutation]
  4307 | D:3      | Gained mutation: You are somewhat resistant to further
                  | mutation. [potion of mutation]
  4419 | D:4      | Reached XP level 6. HP: 24/48 MP: 6/6
  4721 | D:4      | Found a sacrificial altar of Ru.
  4745 | D:4      | Found a hide-covered altar of Uskayaw.
  5274 | D:5      | Entered Level 5 of the Dungeon
  5412 | D:5      | Gained mutation: You sometimes emit foul miasma when
                  | damaged in melee. [demonic ancestry]
  5412 | D:5      | Reached XP level 7. HP: 55/55 MP: 7/7
  5424 | D:5      | Reached skill level 5 in Fighting
  5712 | D:5      | Noticed a dream sheep
  5712 | D:5      | Noticed a dream sheep
  5712 | D:5      | Noticed a dream sheep
  5712 | D:5      | Noticed a dream sheep
  5712 | D:5      | Noticed a dream sheep
  5712 | D:5      | Found a shimmering altar of Xom.
  5716 | D:5      | Killed a dream sheep
  5716 | D:5      | Killed a dream sheep
  5717 | D:5      | Killed a dream sheep
  5717 | D:5      | Killed a dream sheep
  5718 | D:5      | Killed a dream sheep
  5968 | D:5      | Reached skill level 5 in Polearms
  5968 | D:5      | Mutation became permanent: You have a pair of small horns
                  | on your head. [demonic ancestry]
  5968 | D:5      | Gained mutation: You have a pair of horns on your head.
                  | [demonic ancestry]
  5968 | D:5      | Reached XP level 8. HP: 63/63 MP: 8/8
  6344 | D:6      | Found an opulent altar of Gozag.
  6383 | D:6      | Found a radiant altar of Vehumet.
  6631 | D:6      | Reached skill level 5 in Armour
  6895 | D:6      | Reached skill level 6 in Fighting
  6895 | D:6      | Reached skill level 5 in Dodging
  7583 | D:7      | Reached **** piety under Trog
  7818 | D:7      | Found a staircase to the Ecumenical Temple.
  8046 | D:8      | Noticed a hornet
  8053 | D:8      | Paralysed by a hornet for 1 turns
  8057 | D:8      | Paralysed by a hornet for 1 turns
  8058 | D:8      | Killed a hornet
  8059 | D:8      | Gained mutation: You regenerate magic rapidly. [demonic
                  | ancestry]
  8059 | D:8      | Reached XP level 9. HP: 39/71 MP: 9/9
  8246 | D:8      | Found Lysah's Armour Shoppe.
  8349 | D:8      | Noticed Maggie
  8361 | D:8      | Killed Maggie
  8362 | D:8      | Reached skill level 7 in Fighting
  8429 | D:8      | Found a runed translucent door.
  8458 | D:8      | Noticed nickcage's ghost (novice TeFE)
  8480 | D:8      | Found a staircase to the Lair.
  8635 | D:8      | Noticed Psyche
  8646 | D:8      | Killed Psyche
  9052 | D:8      | Reached XP level 10. HP: 76/80 MP: 10/10
  9060 | D:8      | Reached skill level 8 in Fighting
  9695 | D:9      | Lost mutation: You are somewhat resistant to further
                  | mutation. [potion of mutation]
  9695 | D:9      | Lost mutation: You have large cloven feet. [potion of
                  | mutation]
  9695 | D:9      | Gained mutation: You are dopey. (Int -2) [potion of
                  | mutation]
  9695 | D:9      | Lost mutation: You are dopey. (Int -2) [potion of mutation]
  9730 | D:9      | Found an iron altar of Okawaru.
  9808 | D:9      | HP: 2/78 [orc warrior/+0 scimitar (4)]
  9809 | D:9      | Slain by an orc warrior

Illustrated notes

Levels and vault maps discovered:
D:1:      wander_arrival_desolate, layout_basic, serial_shops,
          nicolae_shop_statue_plus
D:2:      layout_rooms, basic_ecumenical_altar
D:3:      layout_basic, general_overflow_altar, cheibrodos_sewer_entry_bend
D:4:      layout_basic, jmf_multi_god_temple, minivault_19,
          kennysheep_pointless_box
D:5:      layout_cave_pools, kb_xom_exploding_sheep, minmay_crystal_room,
          minmay_pentangle
D:6:      layout_cave_pods, mainiacjoe_overflow_cross_hatched,
          mainiacjoe_overflow_catwalk
D:7:      layout_basic, minmay_temple_entry_butterflies, dk_rats_in_the_wall
D:8:      layout_basic, nicolae_tso_swordbearing_angel, lair_entry_dummy,
          serial_shops, shop, gammafunk_ghost_grave, uniq_maggie, uniq_psyche
D:9:      layout_roguey [special_room_orc], okawaru_trees_2, trog_wizard,
          lemuel_doored_altar

Skill      XL: |  1  2  3  4  5  6  7  8  9 10 |
---------------+-------------------------------+-----
Armour         | 2 3 4 5 6 7 |  7.4
Dodging        | 2 3 4 5 6 7 |  7.3
Polearms       | 3 4 5 6 7 |  7.6
Fighting       | 4 5 6 7 8 |  8.4

Action                   |  1- 3 |  4- 6 |  7- 9 | 10-12 || total
-------------------------+-------+-------+-------+-------++-------
Melee: Spear             |   132 |     4 |       |       ||   136
       Punch             |     2 |     1 |       |       ||     3
       Headbutt          |    10 |    23 |    37 |     8 ||    78
       Trident           |       |   167 |       |       ||   167
       Halberd           |       |    56 |   217 |    81 ||   354
       Kick              |       |     8 |    37 |    13 ||    58
Invok: Berserk           |     1 |     3 |     2 |     1 ||     7
       Trog's Hand       |       |     1 |     1 |     1 ||     3
  Use: Scroll            |     2 |     4 |     4 |       ||    10
       Potion            |       |     2 |       |     1 ||     3
 Stab: Sleeping          |     1 |       |       |       ||     1
Armor: Animal skin       |    20 |       |       |       ||    20
       Leather armour    |     1 |       |       |       ||     1
       Scale mail        |       |   111 |    91 |       ||   202
       Acid dragon scale |       |       |     8 |    21 ||    29
       Plate armour      |       |       |       |    38 ||    38
Dodge: Dodged            |    66 |    94 |   158 |    39 ||   357

Table legend: (Time is in decaauts)
 A = Elapsed time spent in this place.
 B = Non-inter-level travel time spent in this place.
 C = Inter-level travel time spent in this place.
 D = Time resting spent in this place.
 E = Time spent auto-exploring this place.
 F = Levels seen in this place.
 G = Mean time per level.
                   A        B        C        D        E       F      G
               +--------+--------+--------+--------+--------+-----+--------+
         Total |  10198 |   9905 |    293 |      0 |   7991 |  10 | 1019.8 |
       Dungeon |   8445 |   8152 |    293 |      0 |   6692 |   9 |  938.3 |
         Sewer |   1752 |   1752 |      0 |      0 |   1299 |   1 | 1752.0 |
               +--------+--------+--------+--------+--------+-----+--------+

Top non-repeatable levels by time:
   Sewer: 1752 daAuts
     D:8: 1683 daAuts
     D:1: 1444 daAuts
     D:4: 1104 daAuts
     D:5: 909 daAuts
     D:6: 894 daAuts
     D:3: 874 daAuts
     D:7: 847 daAuts
     D:2: 554 daAuts
     D:9: 132 daAuts
